[Event "10th Iberoamericano-ch 2024"]
[Site "Linares"]
[Date "2024.09.27"]
[Round "4.12"]
[White "Moral Garcia, Serafin"]
[Black "Fier, Alexandr"]
[Result "0-1"]
[ECO "A10"]
[WhiteElo "2262"]
[BlackElo "2551"]
[Annotator "RC"]
[PlyCount "84"]
[EventDate "2024.09.25"]
[EventType "swiss"]
[EventCountry "ESP"]
[SourceTitle "playchess.com"]
[Source "ChessBase"]
[SourceQuality "1"]
[TimeControl "5400+30"]

1. c4 b6 2. e4 e6 3. Nc3 Bb7 4. Nge2 Nf6 5. d3 d5 6. cxd5 exd5 7. e5 Nfd7 8. d4 c5 9. f4 Na6 10. g3 Nc7 11. Bg2 f5 12. dxc5 Nxc5 13. Nd4 Ba6 14. Bf1 Bxf1 15. Kxf1 g6 16. Be3 Qd7 17. Kg2 Be7 18. Qe2 O-O 19. Rac1 Rac8 20. Rhd1 Rfd8 21. b4 N5e6 22. a3 a5 23. Nxe6 Qxe6 24. Nb5 Nxb5 25. Qxb5 Rxc1 26. Bxc1 axb4 27. axb4 d4 28. Rd2 Qb3 29. Qd3 Qxd3 30. Rxd3 Bxb4 31. Kf3 Kf7 32. g4 Ke6 33. h3 Kd5 34. Rd1 Ra8 35. gxf5 gxf5 36. Bb2 Bc5 37. e6 Re8 38. Rg1 Rxe6 39. Rg7 Re3+ 40. Kf2 d3 41. Kf1 d2 42. Rd7+ Bd6 0-1

[Event "10th Iberoamericano-ch 2024"]
[Site "Linares"]
[Date "2024.09.27"]
[Round "4.24"]
[White "Ruiz Buendia, Miguel"]
[Black "Henriquez Villagra, Cristobal"]
[Result "0-1"]
[ECO "B31"]
[WhiteElo "2269"]
[BlackElo "2604"]
[Annotator "TA"]
[PlyCount "74"]
[EventDate "2024.09.25"]
[EventType "swiss"]
[EventCountry "ESP"]
[SourceTitle "playchess.com"]
[Source "ChessBase"]
[SourceQuality "1"]
[TimeControl "5400+30"]

1. e4 c5 2. Nf3 Nc6 3. Bb5 g6 4. Bxc6 dxc6 5. d3 Bg7 6. O-O Nf6 7. h3 Nd7 8. Nc3 e5 9. Be3 Qe7 10. Qd2 Nf8 11. Ne2 Ne6 12. c3 O-O {[%emt 0:08:24] The position is equal.} 13. Ng5 Rd8 14. Rad1 b6 15. Nxe6 Bxe6 16. Qc2 Rd7 (16... Bxa2 $2 17. b3 $18) 17. f4 exf4 (17... Bxa2 $6 18. b3 $16) 18. Nxf4 Rad8 (18... Bxa2 $2 19. b3 $18) 19. a4 Rd6 (19... c4 $5 20. d4 Bf5 $11) 20. a5 Be5 21. axb6 axb6 22. b4 cxb4 23. Bxb6 b3 24. Qd2 (24. Bxd8 $11 bxc2 25. Bxe7 cxd1=R (25... cxd1=Q 26. Rxd1 Bxf4 27. Bxd6 $15) 26. Rxd1 Bxf4 27. Bxd6 Bxd6 28. Ra1) 24... Ra8 $1 $15 {[%emt 0:06:03] Threatens to win with ...Ra2.} 25. Nxe6 Rxe6 26. d4 Ra2 $36 {[%emt 0:04:49][%mdl 2048] White is under strong pressure.} 27. Qe3 Bd6 {[%emt 0:05:19] Black has more active pieces.} 28. e5 Qb7 $1 29. Qf3 (29. c4 $17 {was worth a try.} Qxb6 30. Qf3 (30. c5 $2 Bxc5 31. dxc5 Qb8 $19)) 29... Bxe5 $19 (29... Qxb6 $2 30. Qxf7+ (30. exd6 Qb7 $17) 30... Kh8 31. exd6 $18 (31. Qxe6 Ba3 32. Qe8+ Kg7 33. Rf7+ Kh6 34. Qd7 Be7 35. Qxe7 Qxd4+ 36. cxd4 Rxg2+ 37. Kxg2 g5 38. Rxh7+ Kg6 39. Qf7#)) 30. Rb1 $2 (30. dxe5 Qxb6+ 31. Kh1) 30... Rf6 ({Weaker is} 30... Qxb6 31. Qxf7+ Kh8 32. Qf8#) 31. Qe3 {[%emt 0:00:50] [#]} c5 $1 32. Qg5 (32. Rf3 Rxf3) 32... h6 {[%emt 0:01:53] Black mates.} 33. Qg4 h5 34. Qg5 Bf4 35. Rxf4 Rxf4 ({Stronger than} 35... Rxb6 36. Rbf1 Kg7 37. dxc5 $11) 36. d5 Rff2 37. Qd8+ Kh7 {[%emt 0:00:12] Weighted Error Value: White=0.79/Black=0.31.  Mistake:       	White=3     	---        Inaccurate:     	White=5     	Black=1      OK:         	White=7     	Black=4      Best:        	White=1     	Black=3      Strong:       	---       	Black=2} 0-1

[Event "10th Iberoamericano-ch 2024"]
[Site "Linares"]
[Date "2024.09.27"]
[Round "5.1"]
[White "Garrido Outon, Alex"]
[Black "Garcia Ramos, Daniel"]
[Result "0-1"]
[ECO "B12"]
[WhiteElo "2448"]
[BlackElo "2415"]
[Annotator "ChessBase"]
[PlyCount "72"]
[EventDate "2024.09.25"]
[EventType "swiss"]
[EventCountry "ESP"]
[SourceTitle "playchess.com"]
[Source "ChessBase"]
[SourceQuality "1"]
[TimeControl "5400+30"]

1. e4 c6 2. d4 d5 3. e5 Bf5 4. h4 h5 5. c4 e6 6. Nc3 dxc4 7. Bxc4 Nd7 8. Bg5 Qb6 9. Nge2 Be7 10. O-O Bxg5 11. hxg5 Ne7 12. Qc1 O-O-O 13. Qe3 Kb8 14. Rfd1 h4 15. Ne4 Nxe5 16. Bb3 Ng4 17. Qf4+ Ka8 18. Nd6 Ng6 19. Nc4 Nxf4 20. Nxb6+ axb6 21. Nxf4 Rd6 22. Rac1 Rhd8 23. f3 Ne3 24. Re1 Rxd4 25. Nxe6 fxe6 26. Rxe3 Rd2 27. Rc4 h3 28. gxh3 Rxb2 29. f4 Rdd2 30. Rc1 Rg2+ 31. Kf1 Rh2 32. Kg1 Rbg2+ 33. Kf1 Rd2 34. Ke1 b5 35. h4 Rb2 36. Rf3 Be4 0-1

[Event "10th Iberoamericano-ch 2024"]
[Site "Linares"]
[Date "2024.09.27"]
[Round "5.2"]
[White "Quesada Perez, Luis Ernesto"]
[Black "Rodriguez Vila, Andres"]
[Result "1-0"]
[ECO "A89"]
[WhiteElo "2578"]
[BlackElo "2417"]
[Annotator "ChessBase"]
[PlyCount "127"]
[EventDate "2024.09.25"]
[EventType "swiss"]
[EventCountry "ESP"]
[SourceTitle "playchess.com"]
[Source "ChessBase"]
[SourceQuality "1"]
[TimeControl "5400+30"]

1. d4 f5 2. c4 Nf6 3. g3 d6 4. Nf3 g6 5. Bg2 Bg7 6. O-O O-O 7. Nc3 Nc6 8. d5 Ne5 9. Qb3 h6 10. Nd4 g5 11. Qc2 Nh5 12. e3 f4 13. exf4 gxf4 14. Qe4 Kh8 15. Nce2 fxg3 16. hxg3 Qe8 17. Qh4 Qg6 18. b3 Bg4 19. Be3 Nf3+ 20. Bxf3 Bxf3 21. Rae1 Bf6 22. Qh2 Bg4 23. f3 Bd7 24. Kf2 Bg7 25. Rh1 Bg4 26. Nf4 Nxf4 27. gxf4 Bf5 28. Ne2 c5 29. dxc6 bxc6 30. Reg1 Qh7 31. Bd4 e5 32. Rxg7 Qxg7 33. fxe5 c5 34. Bc3 Bg4 35. Nf4 Kh7 36. Rg1 dxe5 37. Rxg4 Qf6 38. Qh5 Rae8 39. Rh4 Qd6 40. Nd5 Qg6 41. Bd2 Qxh5 42. Rxh5 Re6 43. Be3 e4 44. f4 Ra6 45. Nc3 Rd8 46. f5 Rd3 47. Nxe4 Rxa2+ 48. Kf3 Rxb3 49. Rxh6+ Kg8 50. Kf4 Rc2 51. Rg6+ Kf7 52. Ng5+ Ke8 53. f6 Rxc4+ 54. Kf3 Rb6 55. Rg8+ Kd7 56. f7 Rf6+ 57. Ke2 a5 58. f8=Q Rxf8 59. Rxf8 a4 60. Kd3 Rg4 61. Ne4 c4+ 62. Kd4 c3 63. Ra8 c2 64. Rxa4 1-0

[Event "10th Iberoamericano-ch 2024"]
[Site "Linares"]
[Date "2024.09.27"]
[Round "5.3"]
[White "Leiva, Gianmarco"]
[Black "Pichot, Alan"]
[Result "0-1"]
[ECO "C50"]
[WhiteElo "2389"]
[BlackElo "2628"]
[Annotator "ChessBase"]
[PlyCount "87"]
[EventDate "2024.09.25"]
[EventType "swiss"]
[EventCountry "ESP"]
[SourceTitle "playchess.com"]
[Source "ChessBase"]
[SourceQuality "1"]
[TimeControl "5400+30"]

1. e4 e5 2. Nf3 Nc6 3. Bc4 Nf6 4. d3 Bc5 5. a4 d6 6. a5 h6 7. O-O a6 8. c3 O-O 9. h3 Ne7 10. d4 Ba7 11. Bd3 Ng6 12. Re1 Re8 13. Nbd2 Nf4 14. Bf1 Nh7 15. Nc4 Qf6 16. Be3 exd4 17. Bxf4 Qxf4 18. g3 Qf6 19. cxd4 Ng5 20. Nxg5 hxg5 21. e5 dxe5 22. Nxe5 Be6 23. Ra3 Rad8 24. Rd3 c6 25. Rd2 Rd6 26. Re3 Qd8 27. Nf3 Qxa5 28. Bc4 Qd8 29. Bxe6 Rexe6 30. Rxe6 Rxe6 31. d5 Rd6 32. dxc6 Rxd2 33. Qxd2 Qxd2 34. Nxd2 bxc6 35. Kf1 f6 36. Ke2 Kf7 37. Ne4 Ke6 38. Kd3 Kd5 39. f3 Bb8 40. Nc3+ Kc5 41. Ne4+ Kb4 42. h4 Kb3 43. hxg5 fxg5 44. Kd4 0-1

[Event "10th Iberoamericano-ch 2024"]
[Site "Linares"]
[Date "2024.09.27"]
[Round "5.4"]
[White "Iturrizaga Bonelli, Eduardo"]
[Black "Horcajuelo Rocamora, Martin"]
[Result "1-0"]
[ECO "D37"]
[WhiteElo "2577"]
[BlackElo "2394"]
[Annotator "ChessBase"]
[PlyCount "91"]
[EventDate "2024.09.25"]
[EventType "swiss"]
[EventCountry "ESP"]
[SourceTitle "playchess.com"]
[Source "ChessBase"]
[SourceQuality "1"]
[TimeControl "5400+30"]

1. c4 e6 2. Nc3 d5 3. d4 Be7 4. Nf3 Nf6 5. Bf4 O-O 6. e3 c5 7. dxc5 Nc6 8. a3 Bxc5 9. Qc2 Qa5 10. Rd1 Rd8 11. Be2 dxc4 12. Rxd8+ Qxd8 13. Bxc4 h6 14. O-O Qe7 15. Rd1 e5 16. Bxh6 e4 17. Bg5 exf3 18. Nd5 Nxd5 19. Rxd5 Qe6 20. Rxc5 Qg4 21. g3 Be6 22. Bf1 Bd7 23. Bf4 Rc8 24. Qd1 Bf5 25. h3 Qg6 26. Qxf3 Be4 27. Qe2 b6 28. Rc3 Rd8 29. Bg2 Qe6 30. Bxe4 Qxe4 31. Qc2 Qf3 32. Rd3 Rc8 33. e4 Qh5 34. Kg2 Ne7 35. Qd2 Ng6 36. Rd5 Nxf4+ 37. Qxf4 Qg6 38. Rd7 Re8 39. Rxa7 Rxe4 40. Qf3 Re1 41. Rc7 Qe6 42. Rc6 Qe8 43. Rxb6 Rb1 44. h4 g6 45. Rb7 Qe6 46. b3 1-0

[Event "10th Iberoamericano-ch 2024"]
[Site "Linares"]
[Date "2024.09.27"]
[Round "5.5"]
[White "Fier, Alexandr"]
[Black "Ynojosa Aponte, Felix Jose"]
[Result "1/2-1/2"]
[ECO "B30"]
[WhiteElo "2551"]
[BlackElo "2398"]
[Annotator "ChessBase"]
[PlyCount "92"]
[EventDate "2024.09.25"]
[EventType "swiss"]
[EventCountry "ESP"]
[SourceTitle "playchess.com"]
[Source "ChessBase"]
[SourceQuality "1"]
[TimeControl "5400+30"]

1. e4 c5 2. Nf3 Nc6 3. Bb5 e6 4. Bxc6 bxc6 5. d3 Ne7 6. Nbd2 d6 7. e5 Nf5 8. exd6 Bxd6 9. O-O f6 10. b3 e5 11. Ne4 Be7 12. Qe1 O-O 13. Ba3 Nd4 14. Nxd4 cxd4 15. Bxe7 Qxe7 16. f4 Be6 17. Qh4 exf4 18. Qxf4 Bd5 19. Ng3 Qc5 20. Qf2 Bf7 21. Nf5 Rad8 22. Rae1 Bg6 23. Ne7+ Kf7 24. Re2 Bh5 25. Re4 Bg6 26. Nf5 Rd7 27. b4 Qxf5 28. Qxf5 Bxf5 29. Rxf5 Rb8 30. a3 Rb5 31. Rff4 Rbd5 32. Rf1 a5 33. Rb1 Rb5 34. Rb3 a4 35. Rb1 c5 36. Kf2 cxb4 37. axb4 Rc7 38. Rb2 a3 39. Ra2 Rxb4 40. Rxa3 Rxc2+ 41. Kf3 Rc7 42. g4 g6 43. h4 h5 44. gxh5 gxh5 45. Ra5 Rc3 46. Ra7+ Kf8 1/2-1/2

[Event "10th Iberoamericano-ch 2024"]
[Site "Linares"]
[Date "2024.09.27"]
[Round "5.6"]
[White "Avila Pavas, Santiago"]
[Black "Perea Fruet, Lorenzo"]
[Result "1-0"]
[ECO "C50"]
[WhiteElo "2485"]
[BlackElo "2389"]
[Annotator "ChessBase"]
[PlyCount "75"]
[EventDate "2024.09.25"]
[EventType "swiss"]
[EventCountry "ESP"]
[SourceTitle "playchess.com"]
[Source "ChessBase"]
[SourceQuality "1"]
[TimeControl "5400+30"]

1. e4 e5 2. Nf3 Nc6 3. Bc4 Nf6 4. d3 Bc5 5. Bg5 h6 6. Bh4 d6 7. c3 a6 8. Nbd2 Ba7 9. a4 g5 10. Bg3 Nh5 11. Nxe5 Nxg3 12. Bxf7+ Kf8 13. Ng6+ Kxf7 14. Nxh8+ Qxh8 15. hxg3 Qf6 16. d4 Kg7 17. O-O Bd7 18. Nc4 Re8 19. Qb3 Bc8 20. Rae1 h5 21. f4 gxf4 22. Rxf4 Qg6 23. Ref1 Nd8 24. Ne3 c5 25. Qd5 cxd4 26. cxd4 Be6 27. Qxd6 Nf7 28. Qb4 Rd8 29. e5 Qd3 30. Qe7 Qxe3+ 31. Kh2 Qb3 32. Rxf7+ Bxf7 33. Qf6+ Kh7 34. Qxd8 Qd5 35. Qf8 Bg6 36. Qe7+ Kh6 37. Rf8 Qe4 38. Qf6 1-0

[Event "10th Iberoamericano-ch 2024"]
[Site "Linares"]
[Date "2024.09.27"]
[Round "5.7"]
[White "Ladron De Guevara Pinto, Paolo"]
[Black "Salinas Herrera, Pablo"]
[Result "1/2-1/2"]
[ECO "C26"]
[WhiteElo "2371"]
[BlackElo "2479"]
[Annotator "ChessBase"]
[PlyCount "95"]
[EventDate "2024.09.25"]
[EventType "swiss"]
[EventCountry "ESP"]
[SourceTitle "playchess.com"]
[Source "ChessBase"]
[SourceQuality "1"]
[TimeControl "5400+30"]

1. e4 e5 2. Nc3 Nf6 3. d4 exd4 4. Qxd4 Nc6 5. Qd3 Bc5 6. Bf4 d6 7. Qd2 Bb4 8. f3 Be6 9. a3 Ba5 10. O-O-O Nd7 11. Nge2 Nde5 12. Nd4 O-O 13. Nb3 Bb6 14. Nd5 Ng6 15. Bg3 Nge7 16. Nxb6 axb6 17. Qc3 f5 18. Bb5 fxe4 19. fxe4 Kh8 20. Rhe1 Bg8 21. Kb1 Qc8 22. e5 Nd5 23. Qd2 Nxe5 24. Bxe5 dxe5 25. Rxe5 Rd8 26. Be2 c6 27. Qg5 Qc7 28. Qg3 Nf6 29. Rxd8 Rxd8 30. Re3 Qf7 31. Bf3 b5 32. Qe1 Rd7 33. Re5 h6 34. Qe2 Rc7 35. h4 Qg6 36. Nc1 Qg3 37. h5 Qh2 38. g4 Qxe2 39. Nxe2 Bf7 40. Kc1 Rd7 41. g5 hxg5 42. Rxg5 Kh7 43. Ng3 Be6 44. b3 Kh8 45. h6 gxh6 46. Rg6 Rf7 47. Rxh6+ Kg7 48. Rh1 1/2-1/2

[Event "10th Iberoamericano-ch 2024"]
[Site "Linares"]
[Date "2024.09.27"]
[Round "5.8"]
[White "Gines Esteo, Pedro Antonio"]
[Black "Cesar Maestre, Bernardo"]
[Result "1/2-1/2"]
[ECO "A06"]
[WhiteElo "2477"]
[BlackElo "2369"]
[Annotator "ChessBase"]
[PlyCount "62"]
[EventDate "2024.09.25"]
[EventType "swiss"]
[EventCountry "ESP"]
[SourceTitle "playchess.com"]
[Source "ChessBase"]
[SourceQuality "1"]
[TimeControl "5400+30"]

1. Nf3 d5 2. e3 Nf6 3. c4 e6 4. Nc3 Bd6 5. b3 O-O 6. Bb2 Re8 7. Nb5 Be7 8. Be5 Na6 9. Be2 c6 10. Nc3 Nc5 11. O-O Ncd7 12. Bg3 Nh5 13. d4 Nxg3 14. hxg3 a6 15. Qc2 b5 16. e4 dxc4 17. bxc4 b4 18. Na4 c5 19. e5 cxd4 20. Bd3 g6 21. Be4 Ra7 22. Rad1 Qc7 23. Rfe1 Bb7 24. Bxb7 Rxb7 25. Rxd4 Rc8 26. Qd2 Nb6 27. Nxb6 Qxb6 28. Qh6 Bf8 29. Qh3 Be7 30. Qh6 Bf8 31. Qh3 Be7 1/2-1/2

[Event "10th Iberoamericano-ch 2024"]
[Site "Linares"]
[Date "2024.09.27"]
[Round "5.9"]
[White "Jimenez Garcia, Emmanuel"]
[Black "Fernandez Guillen, Ernesto J."]
[Result "1/2-1/2"]
[ECO "A46"]
[WhiteElo "2352"]
[BlackElo "2463"]
[Annotator "ChessBase"]
[PlyCount "103"]
[EventDate "2024.09.25"]
[EventType "swiss"]
[EventCountry "ESP"]
[SourceTitle "playchess.com"]
[Source "ChessBase"]
[SourceQuality "1"]
[TimeControl "5400+30"]

1. d4 Nf6 2. Nf3 e6 3. Bg5 Be7 4. Nbd2 b6 5. e4 h6 6. Be3 Bb7 7. Bd3 d6 8. c4 Nbd7 9. h3 c5 10. d5 exd5 11. cxd5 O-O 12. O-O Re8 13. a4 a6 14. Re1 Bf8 15. Qb1 Ne5 16. Nxe5 dxe5 17. Rc1 Nd7 18. Be2 f5 19. exf5 Nf6 20. Ne4 Bxd5 21. Bf3 Bxe4 22. Bxe4 Nxe4 23. Qxe4 Ra7 24. Rd1 Qf6 25. g4 Rf7 26. Rd5 Qc6 27. Qc4 b5 28. axb5 axb5 29. Qb3 Rb8 30. Rxe5 Qf3 31. Qd5 Qxh3 32. Re4 Qf3 33. Bxc5 Rd8 34. Qxd8 Qxe4 35. Qd4 Qxd4 36. Bxd4 Rd7 37. Be3 Be7 38. Ra5 b4 39. f4 Rd1+ 40. Kf2 Rb1 41. Kf3 Rxb2 42. g5 hxg5 43. fxg5 Rb3 44. Ra8+ Kf7 45. Ke4 Rxe3+ 46. Kxe3 Bxg5+ 47. Ke4 Bd2 48. Rb8 Bc3 49. Rb6 Be1 50. Kd3 Bc3 51. Ke3 Be1 52. Ke4 1/2-1/2

[Event "10th Iberoamericano-ch 2024"]
[Site "Linares"]
[Date "2024.09.27"]
[Round "5.10"]
[White "Flores Quillas, Diego Saul Rodri"]
[Black "Garcia Fernandez, Victor"]
[Result "1-0"]
[ECO "B30"]
[WhiteElo "2451"]
[BlackElo "2353"]
[Annotator "ChessBase"]
[PlyCount "47"]
[EventDate "2024.09.25"]
[EventType "swiss"]
[EventCountry "ESP"]
[SourceTitle "playchess.com"]
[Source "ChessBase"]
[SourceQuality "1"]
[TimeControl "5400+30"]

1. e4 c5 2. Nf3 Nc6 3. Bb5 e6 4. O-O Nge7 5. d4 cxd4 6. Nxd4 Qb6 7. Nxc6 Nxc6 8. Nc3 a6 9. Be3 Qc7 10. Bd3 Be7 11. f4 O-O 12. Qh5 Nb4 13. Rf3 b6 14. Rh3 h6 15. Rg3 Kh7 16. Bd4 e5 17. Bxe5 Qc5+ 18. Kh1 Bf6 19. Qf5+ Kh8 20. Bxf6 Qxf5 21. Bxg7+ Kh7 22. exf5 Rg8 23. f6+ Nxd3 24. Rxd3 1-0

[Event "10th Iberoamericano-ch 2024"]
[Site "Linares"]
[Date "2024.09.27"]
[Round "5.11"]
[White "Leyva, Hector"]
[Black "Lopez Martinez, Josep Manuel"]
[Result "0-1"]
[ECO "D37"]
[WhiteElo "2296"]
[BlackElo "2448"]
[Annotator "RC"]
[PlyCount "150"]
[EventDate "2024.09.25"]
[EventType "swiss"]
[EventCountry "ESP"]
[SourceTitle "playchess.com"]
[Source "ChessBase"]
[SourceQuality "1"]
[TimeControl "5400+30"]

1. d4 Nf6 2. Nf3 d5 3. c4 e6 4. Nc3 Nbd7 5. Bg5 h6 6. Bh4 c6 7. e3 Be7 8. Qc2 O-O 9. a3 b6 10. cxd5 cxd5 11. Bd3 Bb7 12. O-O a6 13. a4 Bd6 14. e4 dxe4 15. Bxe4 Qb8 16. Bxb7 Qxb7 17. Qb3 Rac8 18. Rad1 Nd5 19. Ne4 Bb8 20. Bg3 Bxg3 21. hxg3 Qc6 22. Qa3 b5 23. axb5 axb5 24. Ne5 Nxe5 25. dxe5 Qc2 26. Nd2 Rfd8 27. Nf3 b4 28. Qa1 Ra8 29. Qc1 Qa4 30. Rd4 Rdc8 31. Rc4 Nb6 32. Rc7 Qb3 33. Rxc8+ Rxc8 34. Qd2 Nd5 35. Rc1 Rxc1+ 36. Qxc1 Qd3 37. Ne1 Qd4 38. Qc8+ Kh7 39. Qc2+ g6 40. Nf3 Qa7 41. Kh2 Kg7 42. Qd2 Qc7 43. Qd3 g5 44. Qd4 Qc2 45. Nd2 Qd1 46. Nf3 Qe2 47. Qd2 Qe4 48. Qd4 Qc2 49. Ne1 Qe2 50. Nf3 Kg6 51. g4 Kg7 52. Qd2 Qc4 53. Nxg5 Qxg4 54. Nh3 Qe4 55. f4 Ne3 56. Qe2 h5 57. Kg1 b3 58. f5 Qb1+ 59. Kf2 Ng4+ 60. Kg3 Qxf5 61. Nf4 Kh6 62. Nd3 Qg5 63. Kh3 Ne3 64. Qf3 Kg7 65. Kh2 Ng4+ 66. Kh3 Qd2 67. Nf4 Nxe5 68. Nxh5+ Kh6 69. Qf4+ Qxf4 70. Nxf4 Nc4 71. Nd3 Kg5 72. g4 Ne3 73. Nc1 Nxg4 74. Nxb3 Nf2+ 75. Kg3 Nd3 0-1

[Event "10th Iberoamericano-ch 2024"]
[Site "Linares"]
[Date "2024.09.27"]
[Round "5.12"]
[White "Palma Villanueva, Miguel Tadeo"]
[Black "Oro, Faustino"]
[Result "1/2-1/2"]
[ECO "C63"]
[WhiteElo "2266"]
[BlackElo "2434"]
[Annotator "ChessBase"]
[PlyCount "51"]
[EventDate "2024.09.25"]
[EventType "swiss"]
[EventCountry "ESP"]
[SourceTitle "playchess.com"]
[Source "ChessBase"]
[SourceQuality "1"]
[TimeControl "5400+30"]

1. e4 e5 2. Nf3 Nc6 3. Bb5 f5 4. d3 fxe4 5. dxe4 Nf6 6. O-O Bc5 7. Bxc6 bxc6 8. Nxe5 O-O 9. Nc3 d6 10. Nd3 Bg4 11. Qe1 Bd4 12. Be3 c5 13. f3 Bd7 14. b4 Ng4 15. Bxd4 cxd4 16. fxg4 Rxf1+ 17. Kxf1 Qf6+ 18. Qf2 dxc3 19. Qxf6 gxf6 20. h3 Bc6 21. a4 Bxe4 22. Ra3 Rb8 23. b5 c6 24. Rxc3 cxb5 25. axb5 Rxb5 26. Rc8+ 1/2-1/2

[Event "10th Iberoamericano-ch 2024"]
[Site "Linares"]
[Date "2024.09.27"]
[Round "5.13"]
[White "Merario Alarcon, Andres"]
[Black "Santos Flores, Alberto"]
[Result "0-1"]
[ECO "B23"]
[WhiteElo "2408"]
[BlackElo "2168"]
[Annotator "ChessBase"]
[PlyCount "102"]
[EventDate "2024.09.25"]
[EventType "swiss"]
[EventCountry "ESP"]
[SourceTitle "playchess.com"]
[Source "ChessBase"]
[SourceQuality "1"]
[TimeControl "5400+30"]

1. e4 c5 2. Nc3 Nc6 3. Bb5 g6 4. Bxc6 dxc6 5. d3 Bg7 6. f4 c4 7. Nf3 cxd3 8. cxd3 Bg4 9. O-O Nf6 10. h3 Qb6+ 11. Kh2 h5 12. g3 Bxf3 13. Qxf3 O-O-O 14. Qe2 Qa6 15. Rd1 e5 16. Qc2 Nd7 17. Be3 h4 18. g4 exf4 19. Bxf4 Be5 20. Ne2 Qb6 21. Kg2 f5 22. g5 fxe4 23. dxe4 Bxf4 24. Nxf4 Qe3 25. Qf2 Qxe4+ 26. Qf3 Qxf3+ 27. Kxf3 Rhf8 28. Rf1 Rf5 29. Kg2 Rxg5+ 30. Kh2 Ne5 31. Rae1 Rf5 32. Kg2 g5 33. Ne2 Rxf1 34. Kxf1 Rf8+ 35. Kg2 Nd3 36. Rf1 Rxf1 37. Kxf1 Kd7 38. Nd4 Nf4 39. Kf2 Nxh3+ 40. Kf3 Nf4 41. Kg4 Nd3 42. Nf3 Nxb2 43. Nxg5 Na4 44. Ne4 Ke6 45. Kxh4 Ke5 46. Nd2 Kd4 47. Nb3+ Kc3 48. Kg5 c5 49. Kf4 c4 50. Na5 Nc5 51. a3 Kd3 0-1

[Event "10th Iberoamericano-ch 2024"]
[Site "Linares"]
[Date "2024.09.27"]
[Round "5.14"]
[White "Vallejo Pons, Francisco"]
[Black "Lorente Serrano, Rosa Adela"]
[Result "1-0"]
[ECO "B54"]
[WhiteElo "2657"]
[BlackElo "2087"]
[Annotator "ChessBase"]
[PlyCount "53"]
[EventDate "2024.09.25"]
[EventType "swiss"]
[EventCountry "ESP"]
[SourceTitle "playchess.com"]
[Source "ChessBase"]
[SourceQuality "1"]
[TimeControl "5400+30"]

1. e4 c5 2. Nf3 d6 3. d4 cxd4 4. Nxd4 Nf6 5. f3 e5 6. Nb3 d5 7. Bg5 Be6 8. exd5 Qxd5 9. Nc3 Bb4 10. Qxd5 Nxd5 11. O-O-O Bxc3 12. bxc3 Nd7 13. Bc4 Nc7 14. Na5 f6 15. Be3 b6 16. Bxe6 Nxe6 17. Rd6 Ndc5 18. Nc6 Kf7 19. g3 Rhc8 20. f4 exf4 21. gxf4 g6 22. Re1 Nd8 23. Ne7 Rc7 24. Nd5 Rc6 25. Bxc5 Rxc5 26. Rd7+ Kf8 27. Nc7 1-0

[Event "10th Iberoamericano-ch 2024"]
[Site "Linares"]
[Date "2024.09.27"]
[Round "5.15"]
[White "Henriquez Villagra, Cristobal"]
[Black "Teran Alvarez, Ismael"]
[Result "1-0"]
[ECO "D02"]
[WhiteElo "2604"]
[BlackElo "2329"]
[Annotator "ChessBase"]
[PlyCount "91"]
[EventDate "2024.09.25"]
[EventType "swiss"]
[EventCountry "ESP"]
[SourceTitle "playchess.com"]
[Source "ChessBase"]
[SourceQuality "1"]
[TimeControl "5400+30"]

1. d4 d5 2. Nf3 Nf6 3. Bf4 c5 4. e3 Nc6 5. Be2 Bg4 6. c3 e6 7. Qb3 Qc8 8. h3 Bh5 9. a4 c4 10. Qa2 Ne4 11. a5 Bd6 12. Nfd2 Nxd2 13. Nxd2 Bxf4 14. Bxh5 Bc7 15. b4 O-O 16. e4 Bf4 17. Bf3 Qd7 18. O-O Rad8 19. Rfe1 Bxd2 20. Qxd2 b5 21. axb6 axb6 22. exd5 exd5 23. Qg5 f6 24. Qh5 g6 25. Qh4 Qd6 26. b5 Na5 27. Re2 Rde8 28. Rae1 Rxe2 29. Rxe2 Nb3 30. Qg3 Rd8 31. Qg4 Kf7 32. Qh4 Kg7 33. Bg4 Rf8 34. Re6 Qc7 35. Qg3 Qxg3 36. fxg3 Ra8 37. Bf3 Ra1+ 38. Kf2 Rc1 39. Rxb6 Rxc3 40. Bxd5 Nxd4 41. Rb7+ Kh6 42. g4 Kg5 43. b6 Kf4 44. Re7 Rc2+ 45. Kf1 Rb2 46. Re4+ 1-0

[Event "10th Iberoamericano-ch 2024"]
[Site "Linares"]
[Date "2024.09.27"]
[Round "5.16"]
[White "Domingo Nunez, Alejandro"]
[Black "Zambrana, Osvaldo"]
[Result "0-1"]
[ECO "B22"]
[WhiteElo "2328"]
[BlackElo "2405"]
[Annotator "ChessBase"]
[PlyCount "80"]
[EventDate "2024.09.25"]
[EventType "swiss"]
[EventCountry "ESP"]
[SourceTitle "playchess.com"]
[Source "ChessBase"]
[SourceQuality "1"]
[TimeControl "5400+30"]

1. e4 c5 2. d4 cxd4 3. c3 Nf6 4. e5 Nd5 5. Nf3 Nc6 6. Bc4 Nb6 7. Bb3 e6 8. cxd4 d6 9. Qe2 Be7 10. O-O O-O 11. Nc3 Nb4 12. a3 N4d5 13. Bc2 Nxc3 14. bxc3 g6 15. Bh6 Re8 16. Qe4 Bd7 17. exd6 Bxd6 18. Ng5 Bc6 19. Qh4 Nd5 20. Rae1 b5 21. f4 Rc8 22. Bb3 Be7 23. Qh3 Bf6 24. Ne4 Bg7 25. Bg5 Nf6 26. Nc5 Bd5 27. Bc2 Qd6 28. Re3 Nd7 29. Nxd7 Qxd7 30. Rd1 Rc7 31. Qh4 Rec8 32. Rh3 h5 33. Qe1 Qc6 34. Rd2 Qb6 35. Rdd3 a5 36. Kh1 b4 37. axb4 axb4 38. Qb1 Qb7 39. Rd2 bxc3 40. Qxb7 cxd2 0-1

[Event "10th Iberoamericano-ch 2024"]
[Site "Linares"]
[Date "2024.09.27"]
[Round "5.17"]
[White "Matamoros Franco, Carlos S."]
[Black "Escalona Landi, Samid Eduardo"]
[Result "1-0"]
[ECO "A05"]
[WhiteElo "2404"]
[BlackElo "2305"]
[Annotator "ChessBase"]
[PlyCount "44"]
[EventDate "2024.09.25"]
[EventType "swiss"]
[EventCountry "ESP"]
[SourceTitle "playchess.com"]
[Source "ChessBase"]
[SourceQuality "1"]
[TimeControl "5400+30"]

1. Nf3 Nf6 2. g3 b6 3. Bg2 Bb7 4. d3 g6 5. e4 d6 6. O-O Bg7 7. Nfd2 e5 8. a4 a6 9. d4 Nbd7 10. Re1 O-O 11. d5 Bh6 12. Nc3 Qe7 13. Nc4 Bxc1 14. Qxc1 Kg7 15. Qd2 h5 16. h4 Ng4 17. Bh3 Ndf6 18. Qg5 Qe8 19. Qd2 Qe7 20. Qg5 Qe8 21. Qd2 Qe7 22. a5 b5 1-0

[Event "10th Iberoamericano-ch 2024"]
[Site "Linares"]
[Date "2024.09.27"]
[Round "5.18"]
[White "Gavarrete, Joel"]
[Black "Veiga, Jose Francisco R P N"]
[Result "0-1"]
[ECO "A05"]
[WhiteElo "2059"]
[BlackElo "2404"]
[Annotator "ChessBase"]
[PlyCount "48"]
[EventDate "2024.09.25"]
[EventType "swiss"]
[EventCountry "ESP"]
[SourceTitle "playchess.com"]
[Source "ChessBase"]
[SourceQuality "1"]
[TimeControl "5400+30"]

1. Nf3 Nf6 2. b3 g6 3. Bb2 Bg7 4. g3 O-O 5. Bg2 c5 6. c4 d6 7. O-O e5 8. d3 Nc6 9. Nc3 h6 10. Nd5 Nxd5 11. cxd5 Ne7 12. e4 f5 13. Nd2 f4 14. f3 fxg3 15. hxg3 g5 16. g4 Ng6 17. a4 Nf4 18. Nc4 h5 19. gxh5 g4 20. fxg4 Qh4 21. Ne3 Qg3 22. Rf3 Nh3+ 23. Kf1 Bxg4 24. Nxg4 Rxf3+ 0-1